 Dungeon Crawl Stone Soup version 0.29-a0-319-gad05b8d819 (webtiles) character file.

Game seed: 6588854742453824478

120644 spaghetti the Brawler (level 16, -1/132 (133) HPs)
             Began as a Demonspawn Berserker on Mar 31, 2022.
             Was an Elder of Trog.
             Slain by a jumping spider (8 damage)
             ... led by a torpor snail
             ... on level 3 of the Spider Nest on Apr 2, 2022.
             The game lasted 01:04:04 (29085 turns).

spaghetti the Brawler (Demonspawn Berserker)       Turns: 29085, Time: 01:04:04

HP:   -1/132 (133)  AC: 25    Str: 31    XL:     16   Next: 30%
MP:   0/25          EV:  4    Int:  9    God:    Trog [****..]
Gold: 1448          SH:  0    Dex: 16    Spells: 15/15 levels left

rFire   . . .      SeeInvis +     - Unarmed
rCold   . . .      Faith    .   e - +0 kite shield
rNeg    . . .      Spirit   +   P - +4 chain mail
rPois   +          Reflect  .   (helmet restricted)
rElec   +          Harm     .   l - +0 cloak
rCorr   .          Rampage  .   (no gloves)
Will    +....                   (no boots)
Stlth   ..........              i - amulet of guardian spirit
HPRegen 1.32/turn               Q - +6 ring of strength
MPRegen 0.19/turn               g - ring "Lenivut" {rPois MP+9 Dex+3 SInv}

@: about to teleport, sanguine armoured, on berserk cooldown, held, slowed,
lightly drained, very slow
A: claws 2, powered by death 3, sanguine armour 3, demonic magic 1, horns 1,
electricity resistance, wild magic 1
a: Renounce Religion, Berserk, Trog's Hand, Brothers in Arms


You were on level 3 of the Spider Nest.
You worshipped Trog.
Trog was greatly pleased with you.
You visited 4 branches of the dungeon, and saw 26 of its levels.

You collected 2128 gold pieces.
You spent 680 gold pieces at shops.


Innate Abilities, Weirdness & Mutations

You have very sharp fingernails.
You regenerate a lot of health from kills.
When seriously injured, your blood forms very thick armour. (AC +12)
Spells you cast may paralyse adjacent enemies.
You have a pair of small horns on your head.
You are resistant to electric shocks. (rElec)
Your spells are a little harder to cast, but a little more powerful.


   Skills:
 - Level 14.0 Fighting
 - Level 3.2 Axes
 - Level 10.0 Throwing
 - Level 1.7 Armour
 - Level 1.7 Dodging
 + Level 12.2 Shields
 - Level 20.0 Unarmed Combat
 - Level 5.0 Evocations


You had 15 spell levels left.
You didn't know any spells.
Your spell library contained the following spells:

 Spells                   Type           Power      Damage    Failure   Level
 Foxfire                  Conj/Fire      0%         2x1d4     99%         1
 Freeze                   Ice            0%         1d3       99%         1
 Magic Dart               Conj           0%         1d3       99%         1
 Sandblast                Erth           0%         2d4       99%         1
 Call Imp                 Summ           0%         N/A       100%        2
 Passwall                 Tmut/Erth      0%         N/A       100%        2
 Sublimation of Blood     Necr           0%         N/A       100%        2
 Wereblood                Tmut           0%         N/A       100%        2
 Conjure Flame            Conj/Fire      0%         6-21      100%        3
 Dazzling Flash           Conj/Hex       0%         N/A       100%        3
 Frozen Ramparts          Ice            0%         1d2       100%        3
 Inner Flame              Hex/Fire       0%         N/A       100%        3
 Mephitic Cloud           Conj/Pois/Air  0%         N/A       100%        3
 Stone Arrow              Conj/Erth      0%         3d7       100%        3
 Summon Guardian Golem    Hex/Summ       0%         N/A       100%        3
 Animate Armour           Summ/Erth      0%         N/A       100%        4
 Flame Wave               Conj/Fire      0%         2d4       100%        4
 Hailstorm                Conj/Ice       0%         3d3       100%        4
 Ice Form                 Ice/Tmut       0%         N/A       100%        4
 Iskenderun's Mystic Bla  Conj/Tloc      0%         2d3       100%        4
 Summon Ice Beast         Ice/Summ       0%         N/A       100%        4
 Summon Lightning Spire   Summ/Air       0%         N/A       100%        4
 Iskenderun's Battlesphe  Conj           0%         2d6       100%        5
 Summon Forest            Summ/Tloc      0%         N/A       100%        5
 Eringya's Noxious Bog    Tmut/Pois      0%         N/A       100%        6
 Iron Shot                Conj/Erth      0%         9d1       100%        6
 Starburst                Conj/Fire      0%         6d3       100%        6
 Statue Form              Tmut/Erth      0%         N/A       100%        6
 Orb of Destruction       Conj           0%         9d5       100%        7
 Spellforged Servitor     Conj/Summ      0%         N/A       100%        7
 Storm Form               Tmut/Air       0%         N/A       100%        7
 Summon Hydra             Summ           0%         N/A       100%        7
 Maxwell's Capacitive Co  Air            0%         ∞         100%        8

Inventory:

Hand Weapons
 B - a +2 vorpal triple sword {longrare=g}
   (You took it off Rupert on level 14 of the Dungeon)
 E - a +2 antimagic war axe {axe}
   (Trog gifted it to you on level 2 of the Spider Nest)
Missiles
 a - 3 throwing nets {=f!fthrowing}
 c - 680 stones (quivered) {throwing}
 w - 28 boomerangs {throwing}
 y - 9 curare-tipped darts {=fthrowing}
 C - 2 datura-tipped darts {throwing}
 K - 19 poisoned darts {throwing}
 V - 6 javelins {throwing}
Armour
 e - a +0 kite shield (worn)
   (You found it on level 5 of the Dungeon)
 l - a +0 cloak (worn)
   (You found it on level 1 of the Spider Nest)
 r - a +0 tower shield
   (You found it on level 2 of the Dungeon)
 t - a +1 pair of gloves of hurling
   (You found it on level 6 of the Dungeon)
 P - a +4 chain mail (worn)
   (You found it on level 3 of the Dungeon)
 T - an orb of light
   (You found it on level 3 of the Dungeon)
Jewellery
 g - the ring "Lenivut" (right claw) {rPois MP+9 Dex+3 SInv}
   (You bought it in a shop on level 3 of the Dungeon)

   [ring of magical power]

   Dex:       It affects your dexterity (+3).
   rPois:     It protects you from poison.
   MP:        It affects your magic capacity (+9).
   SInv:      It lets you see invisible.
 i - an amulet of guardian spirit (around neck)
   (You found it on level 1 of the Spider Nest)
 m - a ring of ice
   (You found it on level 1 of the Spider Nest)
 s - an amulet of regeneration {@e2}
   (You took it off a hobgoblin on level 2 of the Dungeon)
 Q - a +6 ring of strength (left claw)
   (You found it on level 6 of the Lair of Beasts)
 U - an amulet of the acrobat
   (You found it on level 3 of the Dungeon)
Wands
 A - a wand of polymorph (29)
   (You found it on level 7 of the Dungeon)
 D - a wand of paralysis (13)
   (You took it off a kobold on level 8 of the Dungeon)
 I - a wand of iceblast (4)
   (You found it on level 9 of the Dungeon)
 L - a wand of acid (13)
   (You found it on level 3 of the Dungeon)
 O - a wand of flame (19)
   (You took it off Sonja on level 4 of the Lair of Beasts)
 R - a wand of mindburst (6)
   (You found it on level 14 of the Dungeon)
 S - a wand of charming (4)
   (You found it on level 14 of the Dungeon)
Scrolls
 f - 8 scrolls of identify {@r1}
 k - 2 scrolls of holy word {!r}
 p - a scroll of vulnerability {!r!r}
 q - 3 scrolls of teleportation {@r4}
 v - 4 scrolls of immolation {!r!r}
 F - 2 scrolls of fog
 W - 10 scrolls of enchant armour
Potions
 h - a potion of haste {@q3}
 j - 5 potions of might
 n - a potion of magic
 o - 3 potions of heal wounds {@q2}
 u - 2 potions of berserk rage {!q}
 x - 3 potions of cancellation
 z - 4 potions of resistance
 G - 4 potions of flight
 J - 8 potions of ambrosia
 N - 6 potions of attraction {!q}
 X - 9 potions of curing {@q1}
 Y - 4 potions of lignification {!q}
Miscellaneous
 b - a condenser vane
   (You found it on level 9 of the Dungeon)
 H - a tin of tremorstones (2/2) {throwing}
   (You found it on level 1 of the Lair of Beasts)
 Z - a phantom mirror
   (You found it on level 6 of the Lair of Beasts)

Dungeon Overview and Level Annotations

Branches:
Dungeon (15/15)            Temple (0/1) D:4            Lair (6/6) D:8
  Swamp (0/4) Lair:3       Spider (3/4) Lair:3          Orc (2/2) D:10
    Elf (0/3) Orc:2        Vaults (0/5) D:13         Depths (0/4) D:15
  Slime: Lair:5-6

Altars:
Cheibriados
Okawaru
Vehumet
Yredelemnul
Beogh

Shops:
D:3 =   D:9 !?   D:11 *   Orc:2 !!(?

Annotations:
D:15 exclusion: obsidian statue
Lair:1 3 runed translucent doors, spaghetti's ghost, novice OpDe
Lair:5 exclusion: 2 oklob plants

.....#..........
......^............#
..^...#.^..#....#..
...#.s...#........##
.......?.......#....##
#s...................#
....##......#.#.^...##
.s#^......(^..H......##
..h........#.^#@......#
..†...†y....ywss.....##
..O...........#.*#....#
..○.s.?.y./y^....s..#.^#
.#...w.............## ##
.............#...###
................#.
.......#........#.


You could see a jorogumo, a torpor snail, an orb spider, a jumping spider, a
tarantella and 3 meliai.


Message History

You take 32 damage, and now have 103/196 hp.
You lost 3 mp, and now have 8/25 mp.
You're too confused to move!
You feel less confused. The tarantella touches you.
The jumping spider pounces on you but does no damage.
You block the jumping spider's attack. The jorogumo casts a spell at you.
The stream of webbing hits you but does no damage.
You are caught in a web!
The wolf spider hits you but does no damage.
The wolf spider bites you but does no damage.
Being near the torpor snail leaves you feeling lethargic. 😮 HP[-3] MP[+1]
You take 3 damage, and now have 100/196 hp.
You feel a strong urge to attack something.
The tarantella touches you but does no damage.
The jumping spider pounces on you!
* * * LOW HITPOINT WARNING * * *
You are caught in a web!
The jumping spider barely misses you.
The jorogumo stares at you and mumbles some strange words.
The stream of webbing hits you but does no damage.
You are even more entangled.
The wolf spider hits you but does no damage.
The wolf spider bites you but does no damage.
The jumping spider pounces on you.
* * * LOW HITPOINT WARNING * * *
You are even more entangled.
The jumping spider bites you but does no damage.
The tarantella barely misses you. 😨 HP[-9] MP[-1]
You take 9 damage, and now have 91/196 hp.
You lost 1 mp, and now have 8/25 mp.
Unknown command.
Unknown command.
Unknown command.
Unknown command.
The wolf spider hits you!
* * * LOW HITPOINT WARNING * * *
The wolf spider bites you but does no damage.
The jorogumo completely misses you.
The tarantella touches you but does no damage.
The jumping spider barely misses you.
The jumping spider bites you but does no damage.
You block the wolf spider's attack. x2; The jorogumo hits you!
* * * LOW HITPOINT WARNING * * *
You suddenly lose the ability to move!
You can move again. 😨 HP[-28] MP[-3]
You take 28 damage, and now have 63/196 hp.
You lost 3 mp, and now have 5/25 mp.
Unknown command.
Unknown command.
You eviscerate the wolf spider!!!
You kill the wolf spider!
Trog accepts your kill.
The tarantella touches you but does no damage.
The jumping spider pounces on you but does no damage.
You block the jumping spider's attack. You block the tarantella's attack.
You block the jumping spider's attack.
The jumping spider bites you but does no damage.
The jorogumo hits you.
* * * LOW HITPOINT WARNING * * *
😨 HP[-1]
You now have 198 max hp (+2).
You miss the jorogumo.
The meliai buzzes angrily.
Your headbutt misses the jorogumo.
You are no longer berserk.
You are exhausted.
You feel as though you will be slow longer.
The meliai mumbles some strange prayers to its god against you.
Something smites you!
* * * LOW HITPOINT WARNING * * *
You block the jumping spider's attack.
The jumping spider bites you but does no damage.
You block the tarantella's attack. 😱 HP[-32] MP[-1]
You now have 132 max hp (-66).
You lost 1 mp, and now have 4/25 mp.
Unknown command.
Okay, then.
Okay, then.
As you read the scroll of teleportation {@r4}, it crumbles to dust.
You feel strangely unstable.
The jorogumo stares at you and mumbles some strange words.
The stream of webbing hits you but does no damage.
You are caught in a web!
The orb spider weaves a glowing orb of energy.
The tarantella touches you but does no damage.
The jumping spider barely misses you.
The jumping spider bites you but does no damage.
The jorogumo hits you!
* * * LOW HITPOINT WARNING * * *
The tarantella touches you but does no damage.
The meliai mumbles some strange prayers to its god against you.
Something smites you!
* * * LOW HITPOINT WARNING * * *
The jumping spider pounces on you!
You die...

Skill      XL: |  1  2  3  4  5  6  7  8  9 10 11 12 13 14 15 16 |
---------------+-------------------------------------------------+-----
Axes           | 3 |  3.2
Unarmed Combat | 1 2 3 4 5 6 9 10 11 14 17 18 20 | 20.0
Throwing       | 1 2 3 4 5 7 10 | 10.0
Fighting       | 9 13 14 | 14.0
Shields        | 4 10 12 | 12.2
Evocations     | 4 5 |  5.0
Armour         | |  1.7
Dodging        | |  1.7

Action                   |  1- 3 |  4- 6 |  7- 9 | 10-12 | 13-15 | 16-18 || total
-------------------------+-------+-------+-------+-------+-------+-------++-------
Melee: Hand axe          |    26 |       |       |       |       |       ||    26
       Unarmed           |    94 |   212 |   262 |   509 |  1113 |   139 ||  2329
       Punch             |       |     2 |       |       |       |       ||     2
       Headbutt          |       |       |       |       |   156 |    37 ||   193
Throw: Stone             |    89 |   156 |   165 |   254 |   578 |   103 ||  1345
       Javelin           |       |       |       |     3 |     1 |       ||     4
       Dart              |       |       |       |       |     1 |       ||     1
Invok: Berserk           |     3 |     2 |     9 |    17 |    33 |     7 ||    71
       Trog's Hand       |       |       |       |     1 |     5 |     2 ||     8
       Brothers in Arms  |       |       |       |     2 |     5 |     2 ||     9
  Use: Scroll            |       |       |     9 |     9 |    14 |     6 ||    38
       Potion            |       |       |       |       |     6 |     3 ||     9
 Stab: Sleeping          |     1 |       |       |       |       |       ||     1
       Petrified         |       |       |       |       |     1 |       ||     1
       Distracted        |       |       |       |       |     1 |       ||     1
Armor: Animal skin       |    15 |       |       |       |       |       ||    15
       Leather armour    |     9 |    19 |       |       |       |       ||    28
       Chain mail        |       |    89 |   118 |   245 |   435 |   108 ||   995
Dodge: Dodged            |    73 |    78 |    80 |   168 |   299 |    55 ||   753
Block: Kite shield       |       |       |       |       |   287 |   118 ||   405

Levels and vault maps discovered:
D:1:      dpeg_arrival_shrine, layout_basic
D:2:      minmay_alternating_diamond, layout_basic,
          hellmonk_ecumenical_altar_watching_god
D:3:      kennysheep_six_static_rooms, layout_loops_ring, serial_shops,
          nicolae_diamond_shop
D:4:      layout_gridville, minmay_temple_entry_offerings, serial_undead,
          serial_undead_e, serial_undead_d, serial_undead_c, serial_undead_a,
          serial_undead_d, serial_undead_e, ebering_ghost_reflecting_pool,
          uniq_crazy_yiuf_cottage
D:5:      minmay_bubble_buster, layout_basic
D:6:      layout_basic, nrook_campfire, grunt_decor_one_mirror,
          minmay_hedge_maze, chequers_serial_rivers_micro_b,
          minmay_manual_monstrance
D:7:      layout_basic, general_overflow_altar, chequers_big_river, minivault_5,
          lemuel_flame_loot_1, uniq_pikel
D:8:      layout_basic, david_lair_shrubbed
D:9:      layout_basic, serial_shops, shop_statue, nicolae_square_shop,
          st_stairs_6, minivault_27
D:10:     layout_cross, grunt_temple_overflow_open, orc_0_dummy, uniq_josephine
D:11:     layout_stronghold, serial_shops, nicolae_shop_overgrown_old_shop,
          serial_column_ruins, column_ruins_pillar_2, column_ruins_pillar_6,
          column_ruins_pillar_1, column_ruins_pillar_4, column_ruins_pillar_4,
          column_ruins_pillar_9, column_ruins_pillar_1, column_ruins_pillar_1,
          column_ruins_pillar_6, column_ruins_pillar_7,
          kennysheep_generic_room_16
D:12:     layout_roguey, uniq_fannar
D:13:     layout_roguey, ximxim_vaults_locker_room, grunt_ogre_cave
D:14:     layout_loops_corners, grunt_decor_mini_mirrors, minivault_16,
          uniq_rupert, uniq_kirke, uniq_snorg
D:15:     grunt_enter_depths_snipers, layout_gridville, hangedman_decor_lopped,
          drop_trap, hangedman_devilish_allure
Lair:1:   layout_cave_pods, maelrawn_ghost_gauntlet_escape
Lair:2:   layout_regular_city, beast_lair_carwin_8
Lair:3:   layout_roguey [special_room_bee], nicolae_swamp_entry_splash_gauntlet,
          spider_nest_entry_a
Lair:4:   layout_roguey, serial_bayou_lagoon_b, uniq_sonja
Lair:5:   layout_long_grid, minmay_slime_entry_oklob_enclosed,
          serial_bayou_lake_a
Lair:6:   cheibrodos_lair_end_hotspot, layout_layer_cave, serial_bayou_shore_b,
          infiniplex_staircase_pool_2
Spider:1: layout_chambers, hangedman_spider_tarantella_strand, uniq_roxanne
Spider:2: layout_spider_delve, nicolae_spider_webbed_stairs
Spider:3: layout_spider_delve, nicolae_spider_checkerboard
Orc:1:    layout_caves, basic_altar
Orc:2:    st_orc_town, layout_diamond_mine, uniq_erolcha

Notes
Turn   | Place    | Note
-------+----------+-------------------------------------------
     0 | D:1      | spaghetti the Demonspawn Berserker began the quest for the
                  | Orb.
     0 | D:1      | Reached XP level 1. HP: 18/18 MP: 1/1
     0 | D:1      | magus.rc [v1.9.6]
   137 | D:1      | You pick up a book of Blood {forbidden} and begin
                  | reading...
   137 | D:1      | You add the spells Sublimation of Blood, Wereblood and
                  | Summon Hydra to your library.
   240 | D:1      | Reached skill level 3 in Axes
   385 | D:1      | Gained mutation: You have sharp fingernails. [demonic
                  | ancestry]
   385 | D:1      | Reached XP level 2. HP: 20/24 MP: 2/2
   713 | D:1      | Reached skill level 1 in Unarmed Combat
  1230 | D:2      | Reached ** piety under Trog
  1299 | D:2      | Reached XP level 3. HP: 29/29 MP: 3/3
  1518 | D:2      | Reached skill level 2 in Unarmed Combat
  1545 | D:2      | Identified the +2 leather armour "Omoucax" {Drain rPois
                  | Will+ Int+2}
  1647 | D:2      | Noticed a shining eye
  1655 | D:2      | Noticed an eye of devastation
  1713 | D:2      | Reached skill level 1 in Throwing
  1713 | D:2      | Reached XP level 4. HP: 35/35 MP: 4/4
  2188 | D:2      | Found a faded altar of an unknown god.
  2191 | D:2      | Noticed an eye of devastation
  2191 | D:2      | Noticed a golden eye
  2699 | D:3      | Reached skill level 3 in Unarmed Combat
  2705 | D:3      | Reached *** piety under Trog
  2826 | D:3      | Gained mutation: You regenerate a little health from kills.
                  | [demonic ancestry]
  2826 | D:3      | Reached XP level 5. HP: 35/35 MP: 5/5
  3060 | D:3      | Found Bownob's Jewellery Boutique.
  3065 | D:3      | Noticed a water moccasin
  3075 | D:3      | Killed a water moccasin
  3076 | D:3      | Reached skill level 2 in Throwing
  3076 | D:3      | Reached skill level 4 in Unarmed Combat
  3235 | D:4      | Gained mutation: Spells you cast may paralyse adjacent
                  | enemies. [demonic ancestry]
  3235 | D:4      | Reached XP level 6. HP: 46/47 MP: 6/6
  3657 | D:4      | Reached skill level 3 in Throwing
  3682 | D:4      | Found a staircase to the Ecumenical Temple.
  3730 | D:4      | Found a runed translucent door.
  3731 | D:4      | Noticed Crazy Yiuf
  3766 | D:4      | Reached skill level 5 in Unarmed Combat
  3768 | D:4      | You pick up a book of Minor Magic {forbidden} and begin
                  | reading...
  3768 | D:4      | You add the spells Magic Dart, Call Imp and Mephitic Cloud
                  | to your library.
  3797 | D:4      | Found a runed translucent door.
  3802 | D:4      | Noticed ArthosElwyn's ghost (amateur GrEE)
  3858 | D:4      | Noticed an ice beast
  3868 | D:4      | Killed an ice beast
  3869 | D:4      | Gained mutation: When seriously injured, your blood forms
                  | armour. (AC +12) [demonic ancestry]
  3869 | D:4      | Reached XP level 7. HP: 39/52 MP: 7/7
  4401 | D:4      | Killed ArthosElwyn's ghost
  4570 | D:4      | Killed Crazy Yiuf
  4629 | D:5      | Entered Level 5 of the Dungeon
  4734 | D:5      | Reached skill level 6 in Unarmed Combat
  4992 | D:5      | Reached skill level 4 in Throwing
  5358 | D:5      | Gained mutation: When seriously injured, your blood forms
                  | thick armour. (AC +12) [demonic ancestry]
  5358 | D:5      | Reached XP level 8. HP: 40/58 MP: 8/8
  5410 | D:5      | Reached skill level 7 in Unarmed Combat
  5481 | D:5      | Reached skill level 5 in Throwing
  5632 | D:5      | Reached skill level 8 in Unarmed Combat
  5683 | D:5      | Reached **** piety under Trog
  5953 | D:6      | Reached skill level 9 in Unarmed Combat
  5957 | D:6      | Reached XP level 9. HP: 58/63 MP: 9/9
  6136 | D:6      | Reached skill level 10 in Unarmed Combat
  6249 | D:6      | You pick up a book of the Sky {forbidden} and begin
                  | reading...
  6249 | D:6      | You add the spells Summon Lightning Spire, Storm Form and
                  | Maxwell's Capacitive Coupling to your library.
  6348 | D:6      | Reached skill level 4 in Fighting
  6446 | D:6      | Reached skill level 5 in Fighting
  6500 | D:6      | Reached skill level 6 in Fighting
  6853 | D:6      | Reached skill level 7 in Fighting
  7040 | D:7      | Reached skill level 8 in Fighting
  7066 | D:7      | Found a radiant altar of Vehumet.
  7294 | D:7      | Noticed Pikel
  7308 | D:7      | Killed Pikel
  7309 | D:7      | Reached skill level 9 in Fighting
  7309 | D:7      | Reached XP level 10. HP: 83/83 MP: 10/10
  7391 | D:7      | You pick up a book of Dangerous Friends {forbidden} and
                  | begin reading...
  7391 | D:7      | You add the spells Summon Guardian Golem, Orb of
                  | Destruction and Spellforged Servitor to your library.
  7407 | D:7      | Reached skill level 10 in Fighting
  7478 | D:7      | Reached ***** piety under Trog
  8075 | D:7      | Identified the +1 ring mail "Siusoaxt" {rN+ Dex+2}
  8319 | D:8      | Identified the +4 short sword "Limorghu" {holy, rElec}
  8374 | D:8      | Found a staircase to the Lair.
  8398 | D:8      | Reached skill level 11 in Fighting
  8398 | D:8      | Reached skill level 11 in Unarmed Combat
  8947 | Lair:1   | Entered Level 1 of the Lair of Beasts
  8973 | Lair:1   | Noticed a minotaur
  8973 | Lair:1   | Noticed spaghetti's ghost (novice OpDe)
  9042 | Lair:1   | Noticed a cane toad
  9050 | Lair:1   | Killed a cane toad
  9147 | Lair:1   | Reached skill level 12 in Fighting
  9174 | Lair:1   | You add the spells Summon Forest and Eringya's Noxious Bog
                  | to your library.
  9236 | Lair:1   | Noticed a cane toad
  9254 | Lair:1   | Killed a cane toad
  9359 | Lair:1   | Reached skill level 13 in Fighting
  9394 | Lair:1   | Noticed a black mamba
  9403 | Lair:1   | Killed a black mamba
  9542 | Lair:1   | Found a runed translucent gate.
  9542 | Lair:1   | Found a runed translucent gate.
  9542 | Lair:1   | Found a runed translucent gate.
  9543 | Lair:1   | Noticed a cane toad
  9951 | Lair:2   | Gained mutation: You regenerate health from kills. [demonic
                  | ancestry]
  9951 | Lair:2   | Reached XP level 11. HP: 98/99 MP: 11/11
  9995 | Lair:2   | Reached skill level 14 in Fighting
 10105 | Lair:2   | Reached skill level 12 in Unarmed Combat
 10197 | Lair:2   | HP: 37/150 [poisoned by a cane toad]
 10202 | Lair:2   | HP: 27/150 [poisoned by a cane toad]
 10207 | Lair:2   | HP: 15/100 [poisoned by a cane toad]
 10335 | Lair:2   | Reached skill level 13 in Unarmed Combat
 10962 | Lair:3   | Noticed a six-headed hydra
 10968 | Lair:3   | Killed a six-headed hydra
 11227 | Lair:3   | Reached skill level 14 in Unarmed Combat
 11273 | Lair:3   | Received a gift from Trog
 11315 | Lair:3   | Reached XP level 12. HP: 107/107 MP: 12/12
 11513 | Lair:3   | Noticed a seven-headed hydra
 11520 | Lair:3   | Killed a seven-headed hydra
 11586 | Lair:3   | Found a hole to the Spider Nest.
 11710 | Lair:3   | Noticed an eight-headed hydra
 11715 | Lair:3   | Killed an eight-headed hydra
 11716 | Lair:3   | Reached skill level 15 in Unarmed Combat
 12012 | Lair:3   | Found a staircase to the Swamp.
 12095 | Lair:4   | Noticed a six-headed hydra
 12128 | Lair:3   | Killed a six-headed hydra
 12279 | Lair:4   | Noticed Sonja
 12297 | Lair:4   | Killed Sonja
 12379 | Lair:4   | Reached skill level 16 in Unarmed Combat
 12875 | Lair:4   | You pick up a book of Spectacle {forbidden} and begin
                  | reading...
 12875 | Lair:4   | You add the spells Dazzling Flash, Iskenderun's Mystic
                  | Blast and Starburst to your library.
 13423 | Lair:5   | Noticed a death yak
 13425 | Lair:5   | Noticed a death yak
 13429 | Lair:5   | Noticed a death yak
 13440 | Lair:4   | Killed a death yak
 13668 | Lair:4   | Killed a death yak
 13728 | Lair:4   | Killed a death yak
 13732 | Lair:4   | Reached skill level 17 in Unarmed Combat
 13953 | Lair:5   | Gained mutation: You regenerate a lot of health from kills.
                  | [demonic ancestry]
 13953 | Lair:5   | Reached XP level 13. HP: 113/113 MP: 13/13
 14357 | Lair:5   | You pick up a book of Power {forbidden} and begin
                  | reading...
 14357 | Lair:5   | You add the spells Iskenderun's Battlesphere and Iron Shot
                  | to your library.
 14583 | Lair:5   | Reached skill level 18 in Unarmed Combat
 14777 | Lair:6   | Entered Level 6 of the Lair of Beasts
 15242 | Lair:6   | Reached skill level 6 in Throwing
 15479 | Lair:6   | Noticed a fire dragon
 15480 | Lair:6   | Found a large runed translucent door.
 15481 | Lair:6   | Found a large runed translucent door.
 16481 | Lair:6   | Killed a fire dragon
 16482 | Lair:6   | Reached skill level 7 in Throwing
 17168 | D:9      | Found Feeg's Magic Scroll Emporium.
 17174 | D:9      | Bought a scroll of enchant armour for 90 gold pieces
 17174 | D:9      | Bought a scroll of enchant armour for 90 gold pieces
 17393 | D:9      | Found Bacugg's Distillery.
 17394 | D:9      | Identified the +5 battleaxe "Miuleedi" {flame, rN+ SInv}
                  | (Trog gifted it to you on level 9 of the Dungeon)
 17394 | D:9      | Received a gift from Trog
 17535 | D:10     | Entered Level 10 of the Dungeon
 17632 | D:10     | Found a staircase to the Orcish Mines.
 17647 | D:10     | Reached XP level 14. HP: 113/120 MP: 14/14
 17711 | D:10     | Noticed Josephine
 17725 | D:10     | Killed Josephine
 17785 | D:10     | Reached skill level 19 in Unarmed Combat
 17927 | D:10     | Found a snail-covered altar of Cheibriados.
 17927 | D:10     | Found an iron altar of Okawaru.
 17929 | D:10     | Found a basalt altar of Yredelemnul.
 18073 | D:11     | Found Gumiyj's Assorted Antiques.
 18435 | D:11     | You fall into a shaft and drop 2 floors!
 18438 | D:14     | Noticed Kirke
 18568 | D:13     | Reached skill level 8 in Throwing
 18614 | D:13     | You pick up a book of Frost {forbidden} and begin
                  | reading...
 18614 | D:13     | You add the spells Freeze, Frozen Ramparts and Hailstorm to
                  | your library.
 19079 | D:13     | Found a gate to the Vaults.
 19355 | D:12     | Noticed Fannar
 19373 | D:12     | Reached skill level 9 in Throwing
 19385 | D:12     | Killed Fannar
 19783 | D:12     | Gained mutation: You are resistant to electric shocks.
                  | (rElec) [potion of mutation]
 19783 | D:12     | Gained mutation: You have a pair of small horns on your
                  | head. [potion of mutation]
 19783 | D:12     | Gained mutation: Your spells are a little harder to cast,
                  | but a little more powerful. [potion of mutation]
 20042 | D:11     | You pick up a book of Power {forbidden} and begin
                  | reading...
 20045 | D:11     | You pick up a book of Rime {forbidden} and begin reading...
 20045 | D:11     | You add the spells Ice Form and Summon Ice Beast to your
                  | library.
 20838 | D:14     | You pick up a book of Spectacle {forbidden} and begin
                  | reading...
 20862 | D:14     | Noticed Rupert
 20881 | D:14     | Paralysed by Rupert for 6 turns
 20883 | D:14     | Killed Rupert
 20933 | D:14     | B - a +2 vorpal triple sword {longrare=g}
 20957 | D:14     | Killed Kirke
 21320 | D:14     | Noticed Snorg
 21326 | D:14     | Killed Snorg
 21396 | D:14     | Reached skill level 10 in Throwing
 21737 | D:15     | Entered Level 15 of the Dungeon
 21932 | D:15     | You drop a +2 vorpal triple sword {longrare=g}.
 21937 | D:15     | B - a +2 vorpal triple sword {longrare=g}
 21974 | D:15     | Reached skill level 20 in Unarmed Combat
 21976 | D:15     | Reached skill level 1 in Shields
 22284 | D:15     | Reached skill level 2 in Shields
 22308 | D:15     | Reached skill level 3 in Shields
 22333 | D:15     | Reached skill level 4 in Shields
 22333 | D:15     | Gained mutation: When seriously injured, your blood forms
                  | very thick armour. (AC +12) [demonic ancestry]
 22333 | D:15     | Reached XP level 15. HP: 87/126 MP: 15/15
 22476 | D:15     | You pick up a book of Geomancy {forbidden} and begin
                  | reading...
 22476 | D:15     | You add the spells Sandblast, Passwall and Stone Arrow to
                  | your library.
 22496 | D:15     | HP: 42/189 [centaur/arrow[a centaur warrior] (9)]
 22498 | D:15     | HP: 19/189 [centaur/arrow[a centaur warrior] (3)]
 22498 | D:15     | HP: 7/189 [meliai/divine providence (12)]
 22499 | D:15     | Reached skill level 5 in Shields
 22503 | D:15     | HP: 17/189 [centaur warrior (3)]
 22505 | D:15     | HP: 8/189 [centaur warrior (8)]
 22514 | D:15     | HP: 47/189 [centaur[a centaur warrior] (2)]
 22515 | D:15     | HP: 15/189 [white ugly thing (31)]
 22544 | D:15     | Reached skill level 6 in Shields
 22822 | D:15     | Noticed a frost giant
 22823 | D:15     | Found a staircase to the Depths.
 22832 | D:15     | Killed a frost giant
 23084 | Orc:1    | Entered Level 1 of the Orcish Mines
 23091 | Orc:1    | Noticed an orc warlord
 23106 | Orc:1    | Killed an orc warlord
 23107 | Orc:1    | Reached skill level 7 in Shields
 23371 | Orc:2    | Entered Level 2 of the Orcish Mines
 23817 | Orc:2    | Identified a +2 robe of the Archmagi
 23817 | Orc:2    | Noticed Erolcha
 23826 | Orc:2    | Killed Erolcha
 23920 | Orc:2    | Reached skill level 8 in Shields
 24057 | Orc:2    | Found Nuzuwept's Weapon Boutique.
 24057 | Orc:2    | Found Xiklohy's Magic Scroll Emporium.
 24227 | Orc:2    | Reached skill level 9 in Shields
 24250 | Orc:2    | Found Roruhius's Distillery.
 24250 | Orc:2    | Found Wewkeosh's Distillery.
 24432 | Orc:2    | Found a staircase to the Elven Halls.
 24793 | Orc:2    | >>Be careful!
 24793 | Orc:2    | Upgraded the game from 0.29-a0-284-gf9362112df to
                  | 0.29-a0-319-gad05b8d819
 24793 | Orc:2    | magus.rc [v1.9.6]
 24989 | D:3      | Bought the ring "Lenivut" {rPois MP+9 Dex+3 SInv} for 500
                  | gold pieces
 25162 | Spider:1 | Entered Level 1 of the Spider Nest
 25330 | Spider:1 | Reached skill level 10 in Shields
 25633 | Spider:1 | Reached skill level 1 in Evocations
 25656 | Spider:1 | Noticed an emperor scorpion
 25664 | Spider:1 | Killed an emperor scorpion
 25785 | Spider:1 | Reached skill level 2 in Evocations
 25893 | Spider:1 | Identified Roxanne's Incunabulum of Earth
 25893 | Spider:1 | Noticed Roxanne
 25903 | Spider:1 | Killed Roxanne
 25905 | Spider:1 | You add the spells Animate Armour and Statue Form to your
                  | library.
 26402 | Spider:1 | Reached skill level 3 in Evocations
 26763 | Spider:2 | You pick up a book of Flames {forbidden} and begin
                  | reading...
 26763 | Spider:2 | You add the spells Foxfire, Conjure Flame, Inner Flame and
                  | Flame Wave to your library.
 26913 | Spider:2 | Reached skill level 4 in Evocations
 26926 | Spider:2 | Gained mutation: You have very sharp fingernails. [demonic
                  | ancestry]
 26926 | Spider:2 | Reached XP level 16. HP: 90/133 MP: 10/16
 26999 | Spider:2 | HP: 49/199 [emperor scorpion (5)]
 27003 | Spider:2 | HP: 24/199 [poisoned by an emperor scorpion]
 27005 | Spider:2 | HP: 8/133 [poisoned by an emperor scorpion]
 27006 | Spider:2 | HP: 1/133 [poisoned by an emperor scorpion]
 27377 | Spider:2 | Reached skill level 11 in Shields
 27687 | Spider:2 | Reached skill level 5 in Evocations
 28073 | Spider:2 | Received a gift from Trog
 28996 | Spider:3 | Reached skill level 12 in Shields
 29082 | Spider:3 | Paralysed by a jorogumo for 1 turns
 29084 | Spider:3 | HP: 30/132 [meliai/divine providence (12)]
 29085 | Spider:3 | HP: 7/132 [meliai/divine providence (14)]
 29085 | Spider:3 | Slain by a jumping spider

Vanquished Creatures
  Kirke (D:14)
  A frost giant (D:15)
  2 emperor scorpions
  An orc warlord (Orc:1)
  A ghost moth (Spider:3)
  2 broodmothers
  Snorg (D:14)
  Josephine (D:10)
  Fannar (D:12)
  A fire dragon (Lair:6)
  4 vault guards (D:13)
  Erolcha (Orc:2)
  2 radroaches
  4 centaur warriors
  8 hydras
  2 catoblepae
  A jorogumo (Spider:2)
  3 death yaks (Lair:4)
  A death knight (D:14)
  A two-headed ogre (D:12)
  3 tengu warriors
  Sonja (Lair:4)
  5 pharaoh ants
  3 steelbarb worms
  2 orb spiders (Spider:2)
  A bog body (Lair:3)
  Pikel (D:7)
  A lindwurm (Lair:6)
  10 wolf spiders
  2 orc sorcerers (Orc:2)
  8 orc knights
  2 manticores (D:15)
  10 slime creatures
  13 ugly things
  A moth of wrath (Spider:1)
  5 cyclopes
  12 elephants
  3 black mambas
  An ice statue (D:14)
  2 molten gargoyles (Lair:6)
  4 torpor snails
  3 unseen horrors
  22 cane toads
  4 rime drakes
  4 demonic crawlers
  3 freezing wraiths (D:14)
  11 komodo dragons
  A tengu conjurer (D:14)
  An efreet (D:13)
  A queen bee (Lair:3)
  4 meliai
  6 trolls
  2 polar bears (Lair:4)
  7 blink frogs
  13 tarantellas
  4 dream sheep
  18 jumping spiders
  9 culicivoras
  2 shadows (D:11)
  A yak (shapeshifter) (D:15)
  9 basilisks
  6 wraiths
  12 wyverns
  22 redbacks
  45 yaks
  7 humans (D:13)
  3 steam dragons
  4 vampire mosquitoes
  8 wargs
  An acid dragon (D:12)
  3 swamp worms (Lair:3)
  4 hell hounds (Lair:6)
  13 water moccasins
  The ghost of ArthosElwyn the Digger, an amateur GrEE (D:4)
  2 sky beasts
  39 orc warriors
  4 ice beasts
  3 black bears
  9 ogres
  12 centaurs
  A lemure (D:7)
  3 kobold brigands
  A phantom (D:6)
  17 bullfrogs
  2 necrophages
  6 scorpions
  A gnoll sergeant (D:9)
  8 wights (D:7)
  24 killer bees (Lair:3)
  2 howler monkeys
  4 electric eels
  6 lava snakes
  A bullfrog zombie (D:4)
  A centaur zombie (D:4)
  A jelly (D:6)
  4 hounds
  Crazy Yiuf (D:4)
  4 orc priests
  8 iguanas
  10 orc wizards
  10 hell rats
  4 hound zombies (D:4)
  A hound skeleton (D:4)
  15 gnolls
  8 adders
  2 shadow imps
  4 white imps
  3 ufetubi
  4 adder zombies (D:4)
  2 adder skeletons (D:4)
  5 worms
  6 dart slugs
  63 orcs
  5 bats
  4 endoplasms
  3 giant cockroaches
  12 goblins
  7 hobgoblins
  3 jackals (D:2)
  17 kobolds
  7 quokkas
  9 ball pythons
  4 frilled lizards
  A jackal zombie (D:4)
  6 rats
762 creatures vanquished.

Vanquished Creatures (collateral kills)
  Rupert (D:14)
  Roxanne (Spider:1)
  A pharaoh ant (Spider:3)
  An orc knight (Orc:2)
  5 ugly things (D:15)
  A wolf spider (Spider:3)
  A redback (Spider:3)
  2 orc warriors (Orc:2)
13 creatures vanquished.

Vanquished Creatures (others)
  A vault guard (D:13)
  2 humans (D:14)
  22 fungi
  82 plants
  A withered plant (D:4)
108 creatures vanquished.

Grand Total: 883 creatures vanquished

Table legend:
 A = Non-vault XP
 B = Vault XP
 C = Vault XP percentage of total XP
 D = Non-vault monster count
 E = Vault monster count
 F = Vault count percentage of total count
                 A         B        C        D         E       F
            +---------+---------+-------+---------+---------+-------
      Total |  131651 |   40698 |  23.6 |     573 |     201 |  26.0
            +---------+---------+-------+---------+---------+-------
        D:1 |      34 |       0 |   0.0 |      23 |       0 |   0.0
        D:2 |      60 |      26 |  30.2 |      24 |       6 |  20.0
        D:3 |     202 |      27 |  11.8 |      15 |       6 |  28.6
        D:4 |     263 |     418 |  61.4 |      20 |      16 |  44.4
        D:5 |     481 |     791 |  62.2 |      12 |      14 |  53.8
        D:6 |    2061 |     141 |   6.4 |      24 |       4 |  14.3
        D:7 |    1873 |     651 |  25.8 |      34 |       1 |   2.9
        D:8 |     423 |     367 |  46.5 |      13 |       1 |   7.1
        D:9 |    1803 |     406 |  18.4 |      13 |       2 |  13.3
       D:10 |    2188 |    1511 |  40.8 |      14 |       4 |  22.2
       D:11 |    1583 |     169 |   9.6 |       6 |       1 |  14.3
       D:12 |    3919 |     878 |  18.3 |      12 |       1 |   7.7
       D:13 |    4003 |    4953 |  55.3 |       7 |      12 |  63.2
       D:14 |    5072 |    4718 |  48.2 |      15 |       4 |  21.1
       D:15 |   19979 |    2899 |  12.7 |      48 |       4 |   7.7
     Lair:1 |    2503 |       0 |   0.0 |      10 |       0 |   0.0
     Lair:2 |    3700 |    2676 |  42.0 |      15 |       8 |  34.8
     Lair:3 |    7699 |    3254 |  29.7 |      28 |      31 |  52.5
     Lair:4 |    8394 |     776 |   8.5 |      27 |       1 |   3.6
     Lair:5 |   11110 |       0 |   0.0 |      35 |       0 |   0.0
     Lair:6 |    7412 |    6328 |  46.1 |      23 |      26 |  53.1
   Spider:1 |   13600 |    1677 |  11.0 |      35 |       2 |   5.4
   Spider:2 |   21763 |       0 |   0.0 |      57 |       0 |   0.0
   Spider:3 |    3954 |       0 |   0.0 |       7 |       0 |   0.0
      Orc:1 |    2556 |       0 |   0.0 |      24 |       0 |   0.0
      Orc:2 |    5016 |    8032 |  61.6 |      32 |      57 |  64.0
            +---------+---------+-------+---------+---------+-------

Illustrated notes

........#.#######################
.................................
.................................
.........######..###.###.#######.
.........#∩...#..# #.# #.# #.
.........#....#..###.###.#######.
.........#....#..........))))))).
.........###'##.......)..###)###.
..........))))))@.8...8..# #.# #.
.........###'##.)........# #.# #.
.........#....#))###'###.###.###.
.........#....#).#.....#.........
.........#....#..#.....#.###.###.
.........#∩...#..#.._..#.# #.# #.
.........######..#######.###.###.
.................................
.................................


Turn 24793 on Orc:2: Be careful!

Table legend:
 A = Kills in this place as a percentage of kills in entire the game.
 B = Kills by you in this place as a percentage of kills by you in the entire game.
 C = Kills by friends in this place as a percentage of kills by friends in the entire game.
 D = Other kills in this place as a percentage of other kills in the entire game.
 E = Experience gained in this place as a percentage of experience gained in the entire game.
 F = Experience gained in this place divided by the number of levels of this place that you have seen.
                   A       B       C       D       E      F
               +-------+-------+-------+-------+-------+----------------------
         Total | 100.0 | 100.0 | 100.0 |   N/A | 100.0 | 6628.8
       Dungeon |  46.0 |  46.0 |  46.2 |   N/A |  35.9 | 4126.6
          Lair |  26.4 |  26.8 |   0.0 |   N/A |  31.2 | 8975.3
   Spider Nest |  13.0 |  12.7 |  30.8 |   N/A |  23.8 | 13664.7
  Orcish Mines |  14.6 |  14.5 |  23.1 |   N/A |   9.1 | 7802.0
               +-------+-------+-------+-------+-------+----------------------

Table legend: (Time is in decaauts)
 A = Elapsed time spent in this place.
 B = Non-inter-level travel time spent in this place.
 C = Inter-level travel time spent in this place.
 D = Time resting spent in this place.
 E = Time spent auto-exploring this place.
 F = Levels seen in this place.
 G = Mean time per level.
                   A        B        C        D        E       F      G
               +--------+--------+--------+--------+--------+-----+--------+
         Total |  29055 |  26960 |   2095 |   3785 |  18315 |  26 | 1117.5 |
       Dungeon |  15300 |  13969 |   1331 |   1335 |  10082 |  15 | 1020.0 |
          Lair |   8095 |   7548 |    547 |   1420 |   4874 |   6 | 1349.2 |
   Spider Nest |   3903 |   3798 |    105 |    744 |   2443 |   3 | 1301.0 |
  Orcish Mines |   1756 |   1645 |    111 |    285 |    915 |   2 |  878.0 |
               +--------+--------+--------+--------+--------+-----+--------+

Top non-repeatable levels by time:
Spider:2: 2312 daAuts
  Lair:6: 2014 daAuts
  Lair:4: 1689 daAuts
Spider:1: 1538 daAuts
     D:4: 1486 daAuts
     D:7: 1428 daAuts
     D:5: 1320 daAuts
    D:14: 1312 daAuts
  Lair:3: 1295 daAuts
     D:1: 1243 daAuts
   Orc:2: 1171 daAuts
  Lair:2: 1097 daAuts
     D:2: 1076 daAuts
    D:15: 1057 daAuts
    D:13: 1048 daAuts
